 Dungeon Crawl Stone Soup version 0.28-a0-305-g9e858e973b (webtiles) character file.

Game seed: 12218589087413970827

175 bande the Shield-Bearer (level 5, 0/33 HPs)
             Began as a Gargoyle Fighter on Aug 29, 2021.
             Slain by a killer bee (3 damage)
             ... on level 4 of the Dungeon.
             The game lasted 00:07:31 (2889 turns).

bande the Shield-Bearer (Gargoyle Fighter)          Turns: 2889, Time: 00:07:31

Health: 0/33       AC: 13    Str: 20    XL:     5   Next: 55%
Magic:  5/5        EV:  7    Int:  8    God:
Gold:   170        SH:  8    Dex: 10    Spells: 4/4 levels left

rFire   . . .      SeeInvis .   a - +0 war axe
rCold   . . .      Faith    .   c - +0 kite shield
rNeg    + . .      Spirit   .   b - +0 scale mail
rPois   ∞          Reflect  .   f - +1 helmet
rElec   +          Harm     .   (no cloak)
rCorr   .          Rampage  .   (no gloves)
Will    .....                   (no boots)
Stlth   ..........              (no amulet)
HPRegen 0.11/turn               (no ring)
MPRegen 0.09/turn               (no ring)

@: no status effects
A: sickness immunity, AC +4, negative energy resistance 1, electricity
resistance, torment resistance 1, petrification resistance
a: no special abilities


You were on level 4 of the Dungeon.
You visited 1 branch of the dungeon, and saw 4 of its levels.

You collected 170 gold pieces.

Inventory:

Hand Weapons
 a - a +0 war axe (weapon)
 l - a +0 flail
Armour
 b - a +0 scale mail (worn)
 c - a +0 kite shield (worn)
 f - a +1 helmet (worn)
Scrolls
 e - a scroll of immolation {unknown}
 i - 3 scrolls of identify {unknown}
 k - a scroll of blinking {unknown}
Potions
 d - a potion of might
 j - a potion of haste {unknown}


   Skills:
 + Level 3.9 Fighting
 + Level 3.4 Axes
 + Level 4.1 Armour
 + Level 0.5 Dodging
 + Level 4.3 Shields


You had 4 spell levels left.
You didn't know any spells.
Your spell library was empty.

Dungeon Overview and Level Annotations

Branches:
Dungeon (4/15)
 Temple: D:4-7

Altars:
Gozag
Trog
Vehumet
Wu Jian


Innate Abilities, Weirdness & Mutations

You are immune to sickness and miasma.
Your stone body is resilient. (AC +4)
You are immune to poison.
You resist negative energy. (rN+)
You are resistant to electric shocks. (rElec)
You are resistant to unholy torment.
You are immune to petrification.


Message History

You are too injured to fight recklessly!
You block the killer bee's attack. The killer bee closely misses you.
You block the killer bee's attack. You block the killer bee's attack.
You block the killer bee's attack.
The killer bee stings you but does no damage.
You block the killer bee's attack. The killer bee completely misses you.
The killer bee barely misses you.
The killer bee stings you but does no damage.
You block the killer bee's attack.
The killer bee stings you but does no damage.
The killer bee stings you.
* * * LOW HITPOINT WARNING * * *
The killer bee barely misses you.
The killer bee stings you but does no damage.
The killer bee stings you!
* * * LOW HITPOINT WARNING * * *
The killer bee stings you but does no damage.
The killer bee stings you but does no damage.
You block the killer bee's attack. You block the killer bee's attack.
The killer bee stings you.
* * * LOW HITPOINT WARNING * * *
There is an open door here.
It was a potion of lignification.
You turn into a tree.
Your +1 helmet melds into your body.
Your +0 scale mail melds into your body.
Your roots penetrate the ground.
You block the killer bee's attack.
The killer bee stings you but does no damage.
It was a potion of cancellation.
Your magical effects are unravelling.
You feel magically purged.
You feel less wooden.
Your +1 helmet unmelds from your body.
Your +0 scale mail unmelds from your body.
The killer bee stings you but does no damage.
The killer bee stings you.
You die...

######### #.y.y.yy.
#y####### #y#
######### #.#
........#########.#
........@yyyyy....#
.......)###########
..########.#######
.................>
...####.....######.
...(.....[....#
#######.#####..# #
#...........# #
#............#


You could see 5 killer bees.

Vanquished Creatures
  A killer bee (D:4)
  4 gnolls
  2 adders
  2 worms (D:2)
  A dart slug (D:2)
  8 bats
  5 endoplasms
  6 giant cockroaches
  9 goblins
  6 hobgoblins
  8 kobolds
  2 quokkas
  4 ball pythons
  2 frilled lizards
  8 rats
68 creatures vanquished.

Notes
Turn   | Place    | Note
-------+----------+-------------------------------------------
     0 | D:1      | bande the Gargoyle Fighter began the quest for the Orb.
     0 | D:1      | Reached XP level 1. HP: 14/14 MP: 1/1
   170 | D:1      | Reached XP level 2. HP: 19/19 MP: 2/2
   885 | D:2      | Reached XP level 3. HP: 23/23 MP: 3/3
  1187 | D:2      | Found a faded altar of an unknown god.
  1455 | D:2      | Reached XP level 4. HP: 29/29 MP: 4/4
  1776 | D:3      | Found an opulent altar of Gozag.
  1858 | D:3      | Found a bloodstained altar of Trog.
  1882 | D:3      | Found a radiant altar of Vehumet.
  2053 | D:3      | Found an ornate altar of the Wu Jian Council.
  2462 | D:3      | Reached XP level 5. HP: 10/33 MP: 5/5
  2889 | D:4      | Slain by a killer bee

Illustrated notes

Levels and vault maps discovered:
D:1:      psy_arrival_dodecagon, layout_rooms, minmay_distorted
D:2:      layout_loops_ring, ebering_ecumenical_altar_box
D:3:      layout_rooms, mainiacjoe_overflow_six_doors_small,
          nicolae_gozag_cash_rules_everything_around_me,
          nicolae_overflow_hidden_temple
D:4:      minmay_octagon_keep, layout_basic, nicolae_elyvilon_peaceful_grove,
          uniq_duvessa

Skill      XL: |  1  2  3  4  5 |
---------------+----------------+-----
Axes           | 2 3 |  3.4
Shields        | 4 |  4.3
Armour         | 4 |  4.1
Fighting       | |  3.9
Dodging        | |  0.5

Action                   |  1- 3 |  4- 6 || total
-------------------------+-------+-------++-------
Melee: War axe           |   125 |    97 ||   222
  Use: Potion            |       |     2 ||     2
Armor: Scale mail        |    78 |    77 ||   155
       Skin              |       |     1 ||     1
Dodge: Dodged            |    42 |    39 ||    81
Block: Kite shield       |    69 |    77 ||   146

Table legend: (Time is in decaauts)
 A = Elapsed time spent in this place.
 B = Non-inter-level travel time spent in this place.
 C = Inter-level travel time spent in this place.
 D = Time resting spent in this place.
 E = Time spent auto-exploring this place.
 F = Levels seen in this place.
 G = Mean time per level.
                   A        B        C        D        E       F      G
               +--------+--------+--------+--------+--------+-----+--------+
         Total |   3024 |   2993 |     31 |    341 |   1880 |   4 |  756.0 |
       Dungeon |   3024 |   2993 |     31 |    341 |   1880 |   4 |  756.0 |
               +--------+--------+--------+--------+--------+-----+--------+

Top non-repeatable levels by time:
     D:3: 944 daAuts
     D:2: 943 daAuts
     D:1: 906 daAuts
     D:4: 230 daAuts
